 Dungeon Crawl Stone Soup version 0.20.0-4-g10b340a (webtiles) character file.

173 Pikken the Cutter (level 5, -7/33 HPs)
             Began as a Kobold Berserker on May 28, 2017.
             Was a Priest of Trog.
             Mangled by an ogre
             ... wielding a +0 giant club
              (22 damage)
             ... on level 3 of the Dungeon.
             The game lasted 00:15:09 (4325 turns).

Pikken the Cutter (Kobold Berserker)                Turns: 4325, Time: 00:15:09

Health: -7/33      AC:  6    Str: 16    XL:     5   Next: 83%
Magic:  5/5        EV: 13    Int:  8    God:    Trog [***...]
Gold:   101        SH:  4    Dex: 14    Spells: 4/4 levels left

rFire    . . .     SeeInvis .   j - +0 short sword
rCold    . . .     Gourm    .   B - +0 buckler
rNeg     . . .     Faith    .   d - +0 ring mail
rPois    .         Spirit   .   t - +0 helmet
rElec    .         Reflect  .   (no cloak)
rCorr    .         Harm     .   (no gloves)
MR       .....                  (no boots)
Stlth    +.........             (no amulet)
Regen    0.2/turn               (no ring)
MPRegen  0.1/turn               (no ring)

@: no status effects
A: carnivore 3
a: Berserk, Trog's Hand, Burn Spellbooks, Renounce Religion


You were on level 3 of the Dungeon.
You worshipped Trog.
Trog was most pleased with you.
You were not hungry.

You visited 1 branch of the dungeon, and saw 4 of its levels.

You collected 101 gold pieces.

Inventory:

Hand Weapons
 a - a +0 short sword
 j - a +0 short sword (weapon)
 n - a +0 spear
 y - a +0 blowgun
Missiles
 i - 70 arrows
 p - 19 sling bullets
 A - 13 poisoned needles
Armour
 d - a +0 ring mail (worn)
 s - a +0 ring mail
 t - a +0 helmet (worn)
 B - a +0 buckler (worn)
Wands
 v - a wand of polymorph (13/24)
 x - a wand of polymorph (18/24)
Scrolls
 b - 3 scrolls of remove curse {unknown}
 e - a scroll of amnesia {unknown}
 g - a scroll of enchant armour {unknown}
 h - 3 scrolls of magic mapping
 l - 2 scrolls of identify
 m - a scroll of teleportation {unknown}
 r - 2 scrolls of fog {unknown}
 u - a scroll of noise {unknown}
Potions
 k - a potion of mutation {unknown}
 o - 2 potions of curing {unknown}
 q - a potion of heal wounds {unknown}
 w - a potion of resistance {unknown}
 z - a potion of magic {unknown}
Comestibles
 c - 2 meat rations
 f - 2 royal jellies


   Skills:
 + Level 4.1 Fighting
 + Level 5.8 Short Blades
 + Level 1.3 Throwing
 + Level 2.5 Armour
 + Level 3.1 Dodging


You had 4 spell levels left.
You didn't know any spells.

Dungeon Overview and Level Annotations

Branches:
Dungeon (4/15)
 Temple: D:4-7

Altars:
Elyvilon
Hepliaklqana
Sif Muna
Zin


Innate Abilities, Weirdness & Mutations

You are small and have problems with some larger weapons.
You are carnivorous and can eat meat at any time.


Message History

The ogre is moderately wounded.
The ogre hits you with a giant club!
You are too injured to fight recklessly!
You are too injured to fight recklessly!
You are too injured to fight recklessly!
You are too injured to fight recklessly!
You are too injured to fight recklessly!
You are too injured to fight recklessly!
You are too injured to fight recklessly!
You are too injured to fight recklessly!
You hit the ogre.
The ogre is heavily wounded.
The ogre misses you.
You hit the ogre but do no damage.
The ogre is heavily wounded.
You hit the ogre.
The ogre is severely wounded.
The ogre hits you with a giant club!!
Ouch! That really hurt!
You die...

###########
#############.........####
#..........##.....#......###
#..........##.....##.......#
#..........##.......###..#..
######.....@OO....#....#.###
###..###...............
######..######..#........
##.>...#....####..........
##.......###..##...........
#................#.........
#.........#...............<
#.........#................
#.........#.......#........


You could see 2 ogres.

Vanquished Creatures
  A hound skeleton (D:4)
  8 adders
  3 worms
  5 dart slugs
  A leopard gecko (D:3)
  3 orcs (D:3)
  2 ball pythons (D:1)
  3 bats
  4 giant cockroaches
  9 hobgoblins
  7 kobolds
  7 frilled lizards
  9 goblins
  11 rats
73 creatures vanquished.

Notes
Turn   | Place    | Note
-------+----------+-------------------------------------------
     0 | D:1      | Pikken the Kobold Berserker began the quest for the Orb.
     0 | D:1      | Reached XP level 1. HP: 14/14 MP: 1/1
   305 | D:1      | Reached XP level 2. HP: 19/19 MP: 2/2
   675 | D:1      | Reached XP level 3. HP: 24/24 MP: 3/3
  1411 | D:2      | Reached ** piety under Trog
  1781 | D:2      | Reached XP level 4. HP: 28/29 MP: 4/4
  2169 | D:2      | Found a white marble altar of Elyvilon.
  2170 | D:2      | Found a hazy altar of Hepliaklqana.
  2171 | D:2      | Found a deep blue altar of Sif Muna.
  2318 | D:2      | Found a glowing silver altar of Zin.
  2389 | D:2      | Reached skill level 5 in Short Blades
  3295 | D:3      | Reached XP level 5. HP: 33/33 MP: 5/5
  4101 | D:4      | Reached *** piety under Trog
  4106 | D:4      | Reached skill level 1 in Throwing
  4113 | D:4      | Noticed an ogre
  4114 | D:4      | Noticed an ogre
  4325 | D:3      | Mangled by an ogre

Skill      XL: |  1  2  3  4  5 |
---------------+----------------+-----
Fighting       | 4 |  4.1
Armour         | 2 |  2.5
Short Blades   | 5 |  5.8
Dodging        | 3 |  3.1
Throwing       | 1 |  1.3

Action                   |  1- 3 |  4- 6 || total
-------------------------+-------+-------++-------
Melee: Short sword       |   104 |   197 ||   301
 Fire: Blowgun           |       |     6 ||     6
  Use: Scroll            |     2 |       ||     2
  Eat: Chunk             |     8 |     6 ||    14
Armor: Ring mail         |    20 |    41 ||    61
       Skin              |       |     7 ||     7
Dodge: Dodged            |    51 |   108 ||   159
Block: Buckler           |       |     7 ||     7
